 Dungeon Crawl Stone Soup version 0.24-a0-487-g57318f2ed0 (webtiles) character file.

Game seed: 1914170101619946133

137 OctoZ the Magician (level 5, 0/35 HPs)
             Began as a Mummy Wizard on July 10, 2019.
             Slain by Grinder (10 damage)
             ... while paralysed by Grinder
             ... on level 2 of the Dungeon.
             The game lasted 00:02:46 (2380 turns).

OctoZ the Magician (Mummy Wizard)                   Turns: 2380, Time: 00:02:47

Health: 0/35       AC:  2    Str: 10    XL:     5   Next: 0%
Magic:  4/11       EV:  2    Int: 18    God:
Gold:   69         SH:  0    Dex: 11    Spells: 11/12 levels left

rFire    x . .     SeeInvis .   d - +0 spear
rCold    + . .     Gourm    .   (no shield)
rNeg     + + +     Faith    .   a - +0 robe
rPois    ∞         Spirit   .   b - +0 hat
rElec    .         Reflect  .   (no cloak)
rCorr    .         Harm     .   (no gloves)
MR       .....                  (no boots)
Stlth    ++........             (no amulet)
HPRegen  0.11/turn              (no ring)
MPRegen  0.12/turn              (no ring)

@: paralysed, very slightly contaminated
A: no food or potions, fire vulnerability, cold resistance 1, negative energy
resistance 3, torment resistance, unbreathing
a: no special abilities


You were on level 2 of the Dungeon.
You were not hungry.

You visited 1 branch of the dungeon, and saw 3 of its levels.

You collected 69 gold pieces.

Inventory:

Hand Weapons
 d - a +0 spear (weapon)
Armour
 a - a +0 robe (worn)
 b - a +0 hat (worn)
Scrolls
 c - a scroll of fear {unknown}
 e - a scroll of magic mapping {unknown}
 f - a scroll of teleportation {unknown}
 g - a scroll of immolation {unknown}
 h - a scroll of remove curse {unknown}
 i - a scroll of identify {unknown}
 j - a scroll of fog {unknown}


   Skills:
 - Level 1.5 Dodging
 - Level 1.5 Stealth
 - Level 4.0 Spellcasting
 + Level 4.0 Conjurations
   Level 0.7 Summonings
   Level 0.7 Translocations


You had 11 spell levels left.
You knew the following spells:

 Your Spells              Type           Power        Failure   Level  Hunger
a - Magic Dart            Conj           ###.         2%          1    N/A

Your spell library contained the following spells:

 Spells                   Type           Power        Failure   Level  Hunger
 Blink                    Tloc           N/A          17%         2    N/A
 Call Imp                 Summ           #.......     17%         2    N/A
 Conjure Flame            Conj/Fire      ##......     19%         3    N/A
 Slow                     Hex            #.......     22%         2    N/A
 Mephitic Cloud           Conj/Pois/Air  #.......     26%         3    N/A

Dungeon Overview and Level Annotations

Branches:
Dungeon (3/15)

Altars:
Fedhas

Annotations:
D:2 Grinder


Innate Abilities, Weirdness & Mutations

You do not eat or drink.
Your flesh is vulnerable to fire.
You are immune to poison.
Your flesh is cold resistant. (rC+)
You are immune to negative energy. (rN+++)
You are immune to unholy pain and torment.
You can survive without breathing.


Message History

Grinder closely misses you.
Your magical contamination has completely faded away.
Casting: Magic Dart (safe; 2% risk of failure)
Confirm with . or Enter, or press ? or * to list all spells.
Aiming: Magic Dart (safe; 2% risk of failure)
Press: ? - help, Shift-Dir - straight line, f/p - Grinder
Aim: Grinder (moderately wounded)
You miscast Magic Dart.
You are very lightly contaminated with residual magic.
Strange energies run through your body. Grinder hits you.
* * * LOW HITPOINT WARNING * * *
Grinder misses you.
You climb upwards.
There is a stone staircase leading down here.
Grinder gestures at you. You resist with some effort. Grinder gestures at you.
You suddenly lose the ability to move!
Grinder hits you!
You die...

(>..!.....##.#.## ##...#
############.#..###########...###
##...##..................
##..##################...# #..##
####%.# #...# ##.# ####.#.#.#
#.... #.# ####.#..#..)# #.#..
#.#####.#...#...#.###.###
#......5@.#...#.....#.#
##.####.#...#...#.#...#
#..5#####.#..#...###.#
###.....####.#.#.##..#
###......####%)##.####
#..!...########.# #.
#..†.......##...# #.
#......###.(..### #. ########
###### #.


You could see Grinder.

Vanquished Creatures
  Jessica (D:2)
  5 adders (D:2)
  2 oozes
  2 dart slugs
  6 bats
  3 giant cockroaches
  7 goblins
  9 hobgoblins
  6 kobolds
  6 frilled lizards
  8 rats
55 creatures vanquished.

Notes
Turn   | Place    | Note
-------+----------+-------------------------------------------
     0 | D:1      | OctoZ the Mummy Wizard began the quest for the Orb.
     0 | D:1      | Reached XP level 1. HP: 13/13 MP: 5/5
    16 | D:1      | Reached skill level 1 in Conjurations
   308 | D:1      | Reached XP level 2. HP: 19/19 MP: 5/7
   976 | D:1      | Reached XP level 3. HP: 24/24 MP: 1/8
  1702 | D:2      | Noticed Jessica
  1705 | D:2      | Reached XP level 4. HP: 30/30 MP: 2/10
  1710 | D:2      | Killed Jessica
  2212 | D:2      | Found a blossoming altar of Fedhas.
  2347 | D:3      | Reached XP level 5. HP: 35/35 MP: 8/11
  2352 | D:3      | Noticed Grinder
  2377 | D:2      | Paralysed by Grinder for 6 turns
  2380 | D:2      | Slain by Grinder

Levels and vault maps discovered:
D:1:      dpeg_arrival_pits, layout_loops_cross, minmay_hexomino_u4
D:2:      minmay_spotlight, layout_rooms, lemuel_doored_altar, first_ration,
          uniq_jessica
D:3:      layout_rooms, ashenzari_altar_1,
          nicolae_gozag_cash_rules_everything_around_me,
          gammafunk_ghost_gnarly_gnolls, chequers_garden, uniq_grinder

Skill      XL: |  1  2  3  4 |
---------------+-------------+-----
Conjurations   | 1 2 3 4 |  4.0
Dodging        | |  1.5
Stealth        | |  1.5
Spellcasting   | |  4.0
Summonings     | |  0.7
Translocations | |  0.7

Action                   |  1- 3 |  4- 6 || total
-------------------------+-------+-------++-------
Melee: Unarmed           |    19 |       ||    19
       Spear             |    25 |     5 ||    30
 Cast: Magic Dart        |    79 |    46 ||   125
Armor: Robe              |    17 |     4 ||    21
Dodge: Dodged            |    46 |    11 ||    57

Table legend:
 A = Non-vault XP
 B = Vault XP
 C = Vault XP percentage of total XP
 D = Non-vault monster count
 E = Vault monster count
 F = Vault count percentage of total count
                 A         B        C        D         E       F
            +---------+---------+-------+---------+---------+-------
      Total |     123 |      73 |  37.2 |      41 |      14 |  25.5
            +---------+---------+-------+---------+---------+-------
        D:1 |      40 |      12 |  23.1 |      22 |       5 |  18.5
        D:2 |      81 |      61 |  43.0 |      18 |       9 |  33.3
        D:3 |       2 |       0 |   0.0 |       1 |       0 |   0.0
            +---------+---------+-------+---------+---------+-------
